 Dungeon Crawl Stone Soup version 0.18-a0-731-ga019a5f (webtiles) character file.

49 M4edhros the Charlatan (level 3, -2/23 HPs)
             Began as an Octopode Artificer on Dec 10, 2015.
             Shot with a stone by a goblin (7 damage)
             ... on level 2 of the Dungeon.
             The game lasted 00:01:20 (1433 turns).

M4edhros the Charlatan (Octopode Artificer)         Turns: 1433, Time: 00:01:20

Health: -2/23      AC:  1    Str: 10    XL:     3   Next: 77%
Magic:  6/6        EV: 12    Int: 15    God:
Gold:   66         SH:  0    Dex: 12    Spells: 0 memorised, 2 levels left

rFire  . . .     SeeInvis .     h - -3 spear (curse)
rCold  . . .     Clarity  .     (no shield)
rNeg   . . .     SustAt   .     (helmet restricted)
rPois  .         Gourm    .     (no amulet)
rElec  .         Spirit   .     (no ring)
rCorr  .         Dismiss  .     (no ring)
rMut   .         Stasis   .     (no ring)
MR     .....                    (no ring)
Stlth  ++++......               (no ring)
                                (no ring)
                                (no ring)
                                (no ring)

@: not resistant to hostile enchantments, stealthy
A: almost no armour, amphibious, 8 rings, constrict 8, camouflage 1, gelatinous
body 1
a: no special abilities


You were on level 2 of the Dungeon.
You were hungry.

You visited 1 branch of the dungeon, and saw 2 of its levels.

You collected 66 gold pieces.

Inventory:

Hand Weapons
 a - a +0 short sword
 h - a cursed -3 spear (weapon)
 l - a +0 short sword of electrocution
Wands
 b - a wand of flame (14)
 c - a wand of enslavement (22)
 d - a wand of random effects (15)
 k - a wand of flame (24)
Scrolls
 j - 3 scrolls of teleportation
 m - a scroll of recharging
Potions
 f - 3 potions of flight {unknown}
 i - 3 potions of curing
Comestibles
 e - a bread ration
 g - a meat ration


   Skills:
 - Level 1.0 Fighting
 - Level 1.0 Short Blades
 - Level 2.0 Dodging
 + Level 3.5 Stealth
 + Level 4.3 Evocations


You had 2 spell levels left.
You didn't know any spells.

Dungeon Overview and Level Annotations

Branches:
Dungeon (2/15)

Altars:
Nemelex Xobeh


Innate Abilities, Weirdness & Mutations

You cannot wear most types of armour.
You are amphibious.
You can wear up to eight rings at the same time.
You can use your tentacles to constrict eight enemies at once.
Your skin changes colour to match your surroundings (Stealth).
Your rubbery body absorbs attacks (AC +1).


Message History

The jackal barely misses you. The jackal bites you.
You miss the jackal. Your grab misses the jackal. The jackal bites you.
You miss the jackal. Your grab misses the jackal.
The jackal bites you but does no damage.
The jackal bites you.
* * * LOW HITPOINT WARNING * * *
You are too injured to fight recklessly!
You are too injured to fight recklessly!
You hit the jackal. You grab the jackal.
The jackal is heavily wounded.
You constrict the jackal.
The jackal pauses to sniff the ground.
The jackal bites you.
* * * LOW HITPOINT WARNING * * *
You barely miss the jackal.
The jackal is severely wounded.
You constrict the jackal.
You kill the jackal!
The goblin shoots a stone.
The stone hits you!
You die...

******* #......#
.,,,..####......#
##***$....(.....####***
#########...........,,##**
...........(....#****...,***
##########......#*##≈≈..,≈≈***
#....(.##≈≈≈≈..,≈≈≈≈**
#....≈≈≈≈≈≈#*+++**≈≈≈*
#...≈≈≈@≈≈≈#,,,,,*≈≈≈*
###≈≈≈.†)..#,,,,,*,,,*
#≈≈..g...#,,,,,*,,,*
#≈≈..##+##,,,,,**+**
#≈≈..#,,,*,,,,,*,,,*
#≈≈..#,,,*,,,,,*,,,*
#≈≈..#,,,*,,,,,*,,,*
#≈≈..**+**,,,,,**+**
*≈≈,,,*,,,,,,,,,,,,*


You could see a goblin.

Vanquished Creatures
  An adder (D:2)
  2 oozes
  A worm (D:2)
  3 bats (D:1)
  4 goblins
  4 hobgoblins
  A jackal (D:2)
  4 kobolds
  A giant newt (D:1)
  5 rats
26 creatures vanquished.

Notes
Turn   | Place    | Note
--------------------------------------------------------------
     0 | D:1      | M4edhros the Octopode Artificer began the quest for the Orb.
     0 | D:1      | Reached XP level 1. HP: 13/13 MP: 3/3
    88 | D:1      | Reached XP level 2. HP: 11/18 MP: 4/4
   962 | D:2      | Reached skill level 4 in Evocations
   962 | D:2      | Reached XP level 3. HP: 17/23 MP: 4/6
  1350 | D:2      | Found a sparkling altar of Nemelex Xobeh.
  1433 | D:2      | Shot with a stone by a goblin

Vault maps used:
D:1:      lemuel_arrival_behind_the_door_small, roderic_lattice_a
D:2:      kennysheep_goblin_castle, serial_curves, eino_curves_02,
          eino_curves_04, nemelex_spade_bored_becter

Action                   || total
-------------------------++-------
Melee: Short sword       ||    18
       Spear             ||    58
Evoke: Wand              ||     1
  Use: Scroll            ||     5
 Stab: Sleeping          ||     9
  Eat: Chunk             ||     1
